[Event "94th Tradewise Hastings Congress"]
[Site "Hastings"]
[Date "2019.01.06"]
[Round "10"]
[White "Pitschka, Claus"]
[Black "Ruane, Brendan J"]
[Result "1-0"]
[ECO "D31"]
[WhiteElo "2241"]
[BlackElo "1870"]
[Annotator "NA"]
[PlyCount "103"]
[EventDate "2018.12.28"]
[EventType "swiss"]
[EventCountry "ENG"]
[SourceTitle "playchess.com"]
[Source "ChessBase"]
[SourceQuality "1"]
[TimeControl "40/6000+30:3000+30"]

1. d4 d5 2. c4 e6 3. Nc3 a6 4. cxd5 exd5 5. Bf4 Nf6 6. e3 Bd6 7. Bg5 Be6 {[%emt 0:05:58] LiveBook: 19 Games} 8. Bd3 h6 9. Bh4 g5 10. Bg3 h5 11. Bxd6 Qxd6 12. h4 g4 13. Nge2 Nbd7 14. Qb3 b5 15. Qd1 Nb6 $16 (15... c5 $142) 16. Nf4 g3 17. fxg3 Nc4 18. Bxc4 bxc4 19. Qa4+ Bd7 20. Qc2 Rg8 21. O-O-O Rxg3 22. Rde1 O-O-O 23. Rhf1 Ng4 24. Ncxd5 Be6 25. e4 Bxd5 26. Nxd5 c3 27. Rxf7 cxb2+ 28. Kb1 Rd7 29. Ref1 Kb7 30. Qxb2+ Ka7 31. Ka1 Ne3 32. Rxd7 Qxd7 33. Rb1 Qb5 34. Qxb5 axb5 35. Nxe3 Rxe3 36. Rxb5 Rxe4 37. Rxh5 Rxd4 38. g3 Rd2 39. g4 Kb6 40. a4 c5 41. Kb1 Rg2 42. Rg5 Ka5 43. Rxc5+ Kb4 44. Rg5 Kxa4 45. Kc1 Kb3 46. Kd1 Kc3 47. Ke1 Kd3 48. Kf1 Rh2 49. h5 Ke3 50. Kg1 Rc2 51. Rf5 Ke4 52. h6 1-0

[Event "94th Tradewise Hastings Congress"]
[Site "Hastings"]
[Date "2019.01.06"]
[Round "10"]
[White "Villiers, Thomas"]
[Black "Nettleton, Charlie B"]
[Result "1-0"]
[ECO "A12"]
[WhiteElo "2205"]
[BlackElo "2059"]
[Annotator "NA"]
[PlyCount "91"]
[EventDate "2018.12.28"]
[EventType "swiss"]
[EventCountry "ENG"]
[SourceTitle "playchess.com"]
[Source "ChessBase"]
[SourceQuality "1"]
[TimeControl "40/6000+30:3000+30"]

1. Nf3 d5 2. c4 c6 3. b3 Nf6 4. Bb2 Bf5 5. e3 e6 6. Be2 h6 7. Nc3 {[%emt 0:00:09] A12: English Opening: 1...c6 with b3 by White} Nbd7 8. O-O Bd6 (8... Be7 9. d4 O-O 10. a3 a5 11. c5 Ne4 12. b4 b5 13. Nd2 Nxd2 14. Qxd2 Qc7 15. f4 Nf6 16. Bf3 axb4 17. axb4 Rxa1 18. Rxa1 {½-½ (31) Vachier Lagrave,M (2780)-Dreev,A (2649) chess.com INT 2018}) 9. d4 Ne4 10. Nxe4 Bxe4 {[%emt 0:03:16] LiveBook: 5 Games} 11. Nd2 Bf5 $146 ({Much worse is} 11... Qh4 $6 12. g3 $16) ({Predecessor:} 11... Bg6 12. f3 Qh4 13. f4 O-O 14. c5 Bc7 15. b4 {0-1 (44) Castrogiovanni,C (2108)-Del Dotto,R (2127) Falconara Marittima 2005}) 12. Bf3 O-O 13. Re1 a5 14. e4 dxe4 15. Nxe4 Bb4 16. Re3 Nf6 17. Nc5 Bxc5 18. dxc5 Qxd1+ 19. Rxd1 Rfd8 20. Ree1 Ne8 21. Bc3 a4 22. b4 Bc2 23. Rxd8 Rxd8 24. Rc1 Bf5 25. b5 Rc8 26. Be5 f6 27. Bb2 e5 28. g4 Be6 29. h3 $11 Kf7 30. Ba3 g6 31. Rc3 f5 32. Bc1 e4 33. Bd1 cxb5 34. cxb5 Bxa2 35. gxf5 gxf5 36. Bxa4 h5 37. Bf4 Ke7 38. c6 b6 39. Be3 Nc7 40. Bxb6 Nd5 41. Bc5+ Kd8 42. Rg3 Nf4 43. Kh2 Nd3 44. Bd6 f4 45. Rg7 Ra8 46. b6 1-0

[Event "94th Tradewise Hastings Congress"]
[Site "Hastings"]
[Date "2019.01.06"]
[Round "10"]
[White "Payne, Matthew J"]
[Black "Rolvag, Mikael"]
[Result "0-1"]
[ECO "B12"]
[WhiteElo "2182"]
[BlackElo "2107"]
[Annotator "NA"]
[PlyCount "82"]
[EventDate "2018.12.28"]
[EventType "swiss"]
[EventCountry "ENG"]
[SourceTitle "playchess.com"]
[Source "ChessBase"]
[SourceQuality "1"]
[TimeControl "40/6000+30:3000+30"]

1. e4 c6 2. d4 d5 3. e5 Bf5 4. h4 h6 5. g4 Bd7 6. c4 h5 7. gxh5 Bf5 8. Nc3 e6 9. cxd5 cxd5 $11 10. Qb3 Qd7 11. Bb5 Nc6 12. Nge2 a6 13. Bxc6 Qxc6 14. Bg5 b5 15. Rc1 Qc4 16. Qd1 Qd3 17. Qxd3 Bxd3 18. Ng3 Nh6 19. Kd2 Bh7 20. Rhg1 Kd7 21. f4 Bb4 22. a3 Ba5 23. b4 Bb6 24. Bxh6 gxh6 25. Nge2 Rhg8 26. a4 Bf5 27. axb5 axb5 28. Nxb5 Bg4 29. Ng3 Ra2+ 30. Ke3 Rga8 31. Rc3 Rb2 32. Ra3 Rxa3+ 33. Nxa3 Rb3+ 34. Kd2 Rxa3 35. Ne4 dxe4 36. Rxg4 Bxd4 37. Kc2 Rc3+ 38. Kd2 e3+ 39. Ke2 Rc2+ 40. Kd3 Rd2+ 41. Kc4 e2 0-1

[Event "94th Tradewise Hastings Congress"]
[Site "Hastings"]
[Date "2019.01.06"]
[Round "10"]
[White "Spiegel, Stefan, Dr."]
[Black "Armstrong, Malcolm J"]
[Result "1/2-1/2"]
[ECO "C42"]
[WhiteElo "2124"]
[BlackElo "2052"]
[Annotator "NA"]
[PlyCount "27"]
[EventDate "2018.12.28"]
[EventType "swiss"]
[EventCountry "ENG"]
[SourceTitle "playchess.com"]
[Source "ChessBase"]
[SourceQuality "1"]
[TimeControl "40/6000+30:3000+30"]

1. e4 e5 2. Nf3 Nf6 3. Nxe5 d6 4. Nf3 Nxe4 5. d4 d5 6. Bd3 Nc6 7. O-O Be7 8. Nbd2 Nf6 9. c3 O-O 10. Qc2 Re8 11. Re1 Bd6 12. Rxe8+ Qxe8 13. h3 h6 14. Nf1 1/2-1/2

[Event "94th Tradewise Hastings Congress"]
[Site "Hastings"]
[Date "2019.01.06"]
[Round "10"]
[White "Snape, Ian L"]
[Black "Royset, Pal"]
[Result "0-1"]
[ECO "B90"]
[WhiteElo "2112"]
[BlackElo "2182"]
[Annotator "NA"]
[PlyCount "42"]
[EventDate "2018.12.28"]
[EventType "swiss"]
[EventCountry "ENG"]
[SourceTitle "playchess.com"]
[Source "ChessBase"]
[SourceQuality "1"]
[TimeControl "40/6000+30:3000+30"]

1. e4 c5 2. Nf3 d6 3. d4 cxd4 4. Nxd4 Nf6 5. Nc3 a6 6. Bc4 e6 7. Bb3 Nbd7 8. Bg5 Nc5 9. f4 h6 10. Bxf6 {[%emt 0:00:40] LiveBook: 11 Games} Qxf6 11. O-O g6 12. f5 Bg7 13. Ndb5 $2 (13. Nce2 $11 {and White is okay.} gxf5 14. exf5) 13... axb5 14. Nxb5 O-O 15. fxe6 $19 Qg5 16. exf7+ Kh7 17. Nc7 Nxb3 18. Nxa8 Nxa1 19. Qxd6 Nxc2 20. Nc7 Qe3+ 21. Kh1 Rxf7 0-1

[Event "94th Tradewise Hastings Congress"]
[Site "Hastings"]
[Date "2019.01.06"]
[Round "10"]
[White "White, Stuart A"]
[Black "Chapman, Matt"]
[Result "1-0"]
[ECO "D17"]
[WhiteElo "2096"]
[BlackElo "1902"]
[Annotator "NA RC"]
[PlyCount "151"]
[EventDate "2018.12.28"]
[EventType "swiss"]
[EventCountry "ENG"]
[SourceTitle "playchess.com"]
[Source "ChessBase"]
[SourceQuality "1"]
[TimeControl "40/6000+30:3000+30"]

1. c4 c6 2. d4 d5 3. Nf3 Nf6 4. Nc3 dxc4 5. a4 Bf5 6. Ne5 Nbd7 7. Nxc4 Qc7 8. g3 e5 9. dxe5 Nxe5 10. Bf4 Nfd7 11. Bg2 f6 12. O-O g5 {[%emt 0:03:39] LiveBook: 48 Games D17: Slav Defence: 5 a4 Bf5: Lines with 6 Nh4 and 6 Ne5} (12... Rd8 13. Nxe5 Nxe5 14. Qb3 Qf7 15. Qxf7+ Kxf7 16. Rfc1 Bb4 17. Ne4 Bxe4 18. Bxe4 Rd4 19. Bc2 Bd2 20. Rd1 Rhd8 21. Bxe5 fxe5 {½-½ (50) Sarana,A (2641)-Paravyan,D (2629) Sochi 2018}) 13. Bxe5 Nxe5 14. Ne3 Be6 15. Rc1 Qa5 $146 ({Predecessor:} 15... Rd8 16. Qc2 Qf7 17. Ne4 Bb4 18. f4 gxf4 19. Rxf4 Be7 20. Rcf1 Rf8 21. Ng5 Qg8 22. Nxh7 Bb3 23. Qe4 Bd5 24. Nxd5 cxd5 25. Qf5 Rf7 26. Nxf6+ {1-0 (26) Anikonov,D (2407)-Tuomainen,F (2087) Prague 2016}) 16. Ne4 Rd8 17. Qc2 Be7 18. b4 Qb6 19. a5 Qxb4 20. Rb1 Qxa5 21. Rxb7 Bc8 22. Rbb1 g4 23. Nc4 Nxc4 24. Qxc4 Qa6 25. Qb3 Kf8 26. Ra1 Qb6 27. Qc3 Kg7 28. Rfb1 Qd4 29. Qxc6 f5 30. e3 Qe5 31. Qc3 Qxc3 32. Nxc3 Bc5 33. Rb5 Bb6 34. Nd5 Rd6 35. Nxb6 axb6 36. h3 Bd7 37. Rb4 h5 38. Rab1 Rb8 39. h4 Be6 40. Kf1 Kf6 41. Ke1 Bd7 42. Rd1 Rxd1+ 43. Kxd1 Be8 44. Rd4 Ke6 45. Bd5+ Kf6 46. Bb3 b5 47. Rd6+ Ke7 48. Re6+ Kd8 49. Rf6 Bd7 50. Rf8+ Kc7 51. Rxb8 Kxb8 52. Bf7 Kc7 53. Bxh5 Kd6 54. Bf7 Ke7 55. Bb3 Be8 56. Kd2 Kd6 57. Kc3 Kc5 58. Be6 Bg6 59. Bg8 Be8 60. Bh7 Bd7 61. Bg6 Kd6 62. Bf7 Ke5 63. Kb4 Ke4 64. Kc5 Ke5 65. Bd5 b4 66. Bb3 Ke4 67. Kd6 Be8 68. Bd5+ Kd3 69. Ke7 Bh5 70. Kf6 Ke2 71. Kxf5 Kxf2 72. Kf4 Ke2 73. e4 Kd3 74. Kg5 Be8 75. h5 b3 76. Bxb3 1-0

[Event "94th Tradewise Hastings Congress"]
[Site "Hastings"]
[Date "2019.01.06"]
[Round "10"]
[White "Miller, Dominic"]
[Black "Kalavannan, Koby"]
[Result "0-1"]
[ECO "A37"]
[WhiteElo "2061"]
[BlackElo "2328"]
[Annotator "NA"]
[PlyCount "54"]
[EventDate "2018.12.28"]
[EventType "swiss"]
[EventCountry "ENG"]
[SourceTitle "playchess.com"]
[Source "ChessBase"]
[SourceQuality "1"]
[TimeControl "40/6000+30:3000+30"]

1. c4 g6 2. Nc3 Bg7 3. g3 c5 4. Bg2 Nc6 5. Nf3 d6 6. O-O e6 7. e3 Nge7 8. d4 O-O 9. Re1 {[%emt 0:01:03] LiveBook: 20 Games A37: Symmetrical English vs ...g6: 4 Bg2 Bg7 5 Nf3} b6 10. b3 e5 $146 ({Predecessor:} 10... Bb7 11. Bb2 Rb8 12. d5 exd5 13. cxd5 Nb4 14. e4 b5 15. Qd2 c4 16. Nd1 Nd3 17. Bxg7 Kxg7 {0-1 (37) Bocharov,D (2583)-Almasi,Z (2682) Riadh 2017}) 11. d5 e4 $1 12. Nxe4 Bxa1 13. dxc6 Nxc6 14. Nxd6 Bc3 15. Re2 Bg4 16. h3 Be6 17. Rc2 Bg7 18. Rd2 Qc7 19. Nb5 Qe7 20. Ne1 a6 21. Bxc6 Rac8 22. Bd7 Bxd7 23. Rxd7 Rcd8 24. Rd2 axb5 25. cxb5 Bc3 26. Rxd8 $19 Rxd8 27. Qe2 Qd7 0-1

[Event "94th Tradewise Hastings Congress"]
[Site "Hastings"]
[Date "2019.01.06"]
[Round "10"]
[White "Ratnesan, Ranesh"]
[Black "Sumit, Kumar"]
[Result "1/2-1/2"]
[ECO "A45"]
[WhiteElo "2055"]
[BlackElo "2179"]
[Annotator "NA"]
[PlyCount "72"]
[EventDate "2018.12.28"]
[EventType "swiss"]
[EventCountry "ENG"]
[SourceTitle "playchess.com"]
[Source "ChessBase"]
[SourceQuality "1"]
[TimeControl "40/6000+30:3000+30"]

1. d4 Nf6 2. Bg5 Ne4 3. Bf4 d5 4. f3 Nf6 5. e4 e6 6. e5 (6. Nc3 $11) 6... Nfd7 7. Be3 c5 8. c3 {[%emt 0:00:57] LiveBook: 41 Games} Nc6 9. f4 a6 10. Nf3 b5 11. Be2 cxd4 12. cxd4 Bb4+ 13. Nbd2 Bb7 14. O-O O-O 15. Bd3 f5 $16 16. g4 Ne7 17. a3 Bxd2 18. Bxd2 h6 19. Bb4 g6 20. b3 Rf7 21. Ra2 fxg4 22. Nh4 Nf5 23. Nxg6 Rg7 24. Qxg4 h5 25. Qxh5 Qh4 26. Be2 Qxh5 27. Bxh5 Nh4 28. Kh1 Nxg6 29. Rg2 Kh7 30. f5 exf5 31. Rxf5 Ndxe5 32. dxe5 d4 33. Bf3 Bxf3 34. Rxf3 Nxe5 35. Rxg7+ Kxg7 36. Rf5 Nc6 1/2-1/2

[Event "94th Tradewise Hastings Congress"]
[Site "Hastings"]
[Date "2019.01.06"]
[Round "10"]
[White "Norinkeviciute, Rasa"]
[Black "Willson, Ollie"]
[Result "1/2-1/2"]
[ECO "A11"]
[WhiteElo "2028"]
[BlackElo "2081"]
[Annotator "NA RC"]
[PlyCount "101"]
[EventDate "2018.12.28"]
[EventType "swiss"]
[EventCountry "ENG"]
[SourceTitle "playchess.com"]
[Source "ChessBase"]
[SourceQuality "1"]
[TimeControl "40/6000+30:3000+30"]

1. c4 Nf6 2. Nf3 c6 3. Nc3 d5 4. e3 g6 5. b3 Bg7 6. Bb2 O-O 7. Be2 Nbd7 {[%emt 0:08:07] A11: English Opening: 1...c6} 8. d4 b6 9. Rc1 Bb7 10. O-O Rc8 11. cxd5 cxd5 12. Ne1 $146 Ne8 13. f4 Nd6 14. Nd3 Nf5 15. Qd2 h5 16. Bf3 Nf6 17. Ne5 Qd6 18. Rfe1 Rfd8 19. Qf2 Ne4 20. Nxe4 dxe4 21. Be2 Qb4 22. Bc4 e6 23. Qe2 Qd6 24. Red1 Rc7 25. Qe1 Rdc8 26. Bf1 Rxc1 27. Rxc1 Rxc1 28. Qxc1 Bf8 29. g3 Ne7 30. Ba3 Qd8 31. Kf2 Nd5 32. Bb2 Nb4 33. a3 Nd5 34. Be2 Be7 35. Nc6 Bxc6 36. Qxc6 Qc7 37. Qxc7 Nxc7 38. h3 Nd5 39. Bd1 b5 40. Bc2 f5 41. g4 hxg4 42. hxg4 b4 43. axb4 Bxb4 44. Ke2 Kf7 45. gxf5 gxf5 46. Bc1 Kg6 47. Kf2 Bc3 48. Bd1 Nb4 49. Ba3 Nd3+ 50. Ke2 a5 51. Bd6 $11 1/2-1/2

[Event "94th Tradewise Hastings Congress"]
[Site "Hastings"]
[Date "2019.01.06"]
[Round "10"]
[White "Rice, Chris B"]
[Black "Anderson, John"]
[Result "1/2-1/2"]
[ECO "A15"]
[WhiteElo "1963"]
[BlackElo "2163"]
[Annotator "NA"]
[PlyCount "22"]
[EventDate "2018.12.28"]
[EventType "swiss"]
[EventCountry "ENG"]
[SourceTitle "playchess.com"]
[Source "ChessBase"]
[SourceQuality "1"]
[TimeControl "40/6000+30:3000+30"]

1. c4 Nf6 2. g3 g6 3. Bg2 Bg7 4. Nc3 O-O 5. d3 d6 6. Bg5 h6 7. Bd2 a6 8. Rb1 e5 9. e4 Be6 10. Nge2 Nc6 11. O-O Qd7 1/2-1/2

[Event "94th Tradewise Hastings Congress"]
[Site "Hastings"]
[Date "2019.01.06"]
[Round "10"]
[White "Byrn, Carsten"]
[Black "Graham, Cassie M"]
[Result "1/2-1/2"]
[ECO "A16"]
[WhiteElo "1959"]
[BlackElo "1889"]
[Annotator "NA"]
[PlyCount "74"]
[EventDate "2018.12.28"]
[EventType "swiss"]
[EventCountry "ENG"]
[SourceTitle "playchess.com"]
[Source "ChessBase"]
[SourceQuality "1"]
[TimeControl "40/6000+30:3000+30"]

1. c4 Nf6 2. g3 g6 3. Bg2 Bg7 4. Nc3 d6 5. e4 O-O 6. Nge2 Nc6 7. O-O Rb8 8. d3 a6 9. a4 Bd7 10. h3 Qc8 11. Kh2 h6 12. Be3 Kh7 13. f4 e5 14. d4 exd4 15. Nxd4 Re8 16. Qd2 Na5 17. Qd3 b6 18. b4 Nb7 19. Rab1 a5 20. e5 dxe5 21. fxe5 Rxe5 22. Bf4 Rh5 23. h4 axb4 24. Ncb5 Nc5 25. Qe2 Bxb5 26. Nxb5 Ne6 27. Bh3 Nxf4 28. Rxf4 Qe8 29. Qxe8 Nxe8 30. Rxb4 Kg8 31. Bg2 Be5 32. Re4 Nf6 33. Rxe5 Rxe5 34. Nxc7 Ng4+ 35. Kh3 Nf2+ 36. Kh2 Ng4+ 37. Kh3 Nf2+ 1/2-1/2

[Event "94th Tradewise Hastings Congress"]
[Site "Hastings"]
[Date "2019.01.06"]
[Round "10"]
[White "Spanton, Tim R"]
[Black "Sugden, John N"]
[Result "1/2-1/2"]
[ECO "B19"]
[WhiteElo "1954"]
[BlackElo "2072"]
[Annotator "NA"]
[PlyCount "69"]
[EventDate "2018.12.28"]
[EventType "swiss"]
[EventCountry "ENG"]
[SourceTitle "playchess.com"]
[Source "ChessBase"]
[SourceQuality "1"]
[TimeControl "40/6000+30:3000+30"]

1. e4 c6 2. d4 d5 3. Nc3 dxe4 4. Nxe4 Bf5 5. Ng3 Bg6 6. Nf3 Nd7 7. h4 h6 8. h5 Bh7 9. Bd3 Bxd3 10. Qxd3 e6 11. Bd2 Ngf6 12. O-O-O Qc7 13. Ne4 O-O-O 14. g3 Nc5 15. Nxc5 Bxc5 16. Bf4 Bd6 17. Bxd6 Rxd6 18. Kb1 c5 19. Qe2 Rhd8 20. c3 cxd4 21. Nxd4 Qc5 22. f4 Qd5 23. g4 Qe4+ 24. Qxe4 Nxe4 25. Rde1 Nf6 26. Rhg1 Nd5 27. f5 Nc7 28. Rgf1 Re8 29. fxe6 fxe6 30. Rf7 Rd7 31. Ref1 Ree7 32. Rf8+ Rd8 33. R8f7 Rdd7 34. Rf8+ Rd8 35. R8f7 1/2-1/2

[Event "94th Tradewise Hastings Congress"]
[Site "Hastings"]
[Date "2019.01.06"]
[Round "10"]
[White "Larsen, Andreas"]
[Black "Faulks, Nick"]
[Result "0-1"]
[ECO "A00"]
[WhiteElo "1933"]
[BlackElo "1917"]
[Annotator "NA"]
[PlyCount "76"]
[EventDate "2018.12.28"]
[EventType "swiss"]
[EventCountry "ENG"]
[SourceTitle "playchess.com"]
[Source "ChessBase"]
[SourceQuality "1"]
[TimeControl "40/6000+30:3000+30"]

1. g4 d5 2. Bg2 Bxg4 3. c4 c6 4. cxd5 cxd5 5. Qb3 {[%emt 0:00:08] [#]} Qc8 $11 (5... Nf6 $1 $17 6. Nc3 Nc6 7. Nxd5 Rc8) 6. Nc3 Nc6 7. Nxd5 Nf6 8. d4 Nxd4 9. Qa4+ Nc6 10. Bd2 Nxd5 11. Bxd5 Bd7 12. Rc1 e6 13. Bg2 Qd8 14. Nf3 Rc8 15. Bc3 b5 16. Qxb5 Nb4 17. Qh5 g6 18. Qe5 f6 19. Qd4 Nxa2 20. Rd1 Nxc3 21. bxc3 Bc5 22. Qe4 Qe7 23. Qb7 e5 24. O-O Be6 25. Qb5+ Kf7 26. Rd2 Rhd8 27. Rfd1 Rxd2 28. Rxd2 Bb6 29. h4 Rxc3 30. Rd1 Qc5 31. Rd7+ Bxd7 32. Qxd7+ Qe7 33. Qd5+ Qe6 34. Qd2 Qc8 35. Qh6 Kg8 36. Ng5 fxg5 37. Bd5+ Kh8 38. Qxg5 Bxf2+ 0-1

[Event "94th Tradewise Hastings Congress"]
[Site "Hastings"]
[Date "2019.01.06"]
[Round "10"]
[White "Fryer, David W"]
[Black "Song, Jinwoo"]
[Result "1-0"]
[ECO "A49"]
[WhiteElo "1932"]
[BlackElo "1907"]
[Annotator "NA"]
[PlyCount "53"]
[EventDate "2018.12.28"]
[EventType "swiss"]
[EventCountry "ENG"]
[SourceTitle "playchess.com"]
[Source "ChessBase"]
[SourceQuality "1"]
[TimeControl "40/6000+30:3000+30"]

1. Nf3 Nf6 2. g3 g6 3. Bg2 Bg7 4. O-O O-O 5. d3 d5 6. Nbd2 Nbd7 7. e4 dxe4 8. dxe4 e5 9. Re1 Qe7 10. h3 Rd8 11. Qe2 Nc5 12. a4 Bd7 13. b3 Bc6 14. Ba3 a5 15. Nh2 Nfd7 16. Qe3 b6 17. Rad1 Qe6 18. g4 Na6 19. g5 Nb4 20. Rc1 Nc5 21. Ng4 Rd7 22. f3 Rad8 23. Nc4 Bxa4 24. Nxa5 Nxb3 25. Nxb3 Bxb3 26. Bxb4 Qc4 27. Qxb3 1-0

[Event "94th Tradewise Hastings Congress"]
[Site "Hastings"]
[Date "2019.01.06"]
[Round "10"]
[White "Fowler, David"]
[Black "Rayner, Francis"]
[Result "1/2-1/2"]
[ECO "E42"]
[WhiteElo "1929"]
[BlackElo "2048"]
[Annotator "NA"]
[PlyCount "22"]
[EventDate "2018.12.28"]
[EventType "swiss"]
[EventCountry "ENG"]
[SourceTitle "playchess.com"]
[Source "ChessBase"]
[SourceQuality "1"]
[TimeControl "40/6000+30:3000+30"]

1. d4 Nf6 2. c4 e6 3. Nc3 Bb4 4. e3 c5 5. Nge2 cxd4 6. exd4 O-O 7. a3 Be7 8. d5 exd5 9. cxd5 Bc5 10. b4 Bb6 11. Na4 d6 1/2-1/2

[Event "94th Tradewise Hastings Congress"]
[Site "Hastings"]
[Date "2019.01.06"]
[Round "10"]
[White "Salmons, Calum"]
[Black "Royal, Shreyas"]
[Result "1/2-1/2"]
[ECO "B43"]
[WhiteElo "1905"]
[BlackElo "1930"]
[Annotator "NA"]
[PlyCount "50"]
[EventDate "2018.12.28"]
[EventType "swiss"]
[EventCountry "ENG"]
[SourceTitle "playchess.com"]
[Source "ChessBase"]
[SourceQuality "1"]
[TimeControl "40/6000+30:3000+30"]

1. e4 c5 2. Nf3 e6 3. d4 cxd4 4. Nxd4 a6 5. Nc3 b5 6. a3 Qc7 7. Bd3 Bb7 8. O-O Nf6 9. Kh1 d6 10. f4 Nbd7 11. f5 e5 12. Nb3 h5 13. Rf3 Rd8 14. Bg5 Be7 15. Qe1 Nb6 16. Rc1 Rd7 17. Nd2 Qb8 18. Qe2 Qd8 19. Rh3 Nxe4 20. Ncxe4 Bxg5 21. Rxh5 Rxh5 22. Qxh5 Bxe4 23. Nxe4 Bxc1 24. Qh8+ Ke7 25. f6+ gxf6 1/2-1/2

[Event "94th Tradewise Hastings Congress"]
[Site "Hastings"]
[Date "2019.01.06"]
[Round "10"]
[White "Boswell, Jacob Connor"]
[Black "Groffen, Hans"]
[Result "1/2-1/2"]
[ECO "C10"]
[WhiteElo "1858"]
[BlackElo "2120"]
[Annotator "NA"]
[PlyCount "34"]
[EventDate "2018.12.28"]
[EventType "swiss"]
[EventCountry "ENG"]
[SourceTitle "playchess.com"]
[Source "ChessBase"]
[SourceQuality "1"]
[TimeControl "40/6000+30:3000+30"]

1. e4 e6 2. d4 d5 3. Nd2 dxe4 4. Nxe4 Nd7 5. Nf3 Ngf6 6. Nxf6+ Nxf6 7. Bd3 c5 8. dxc5 Bxc5 9. Qe2 O-O 10. O-O b6 11. Bg5 Bb7 12. Rad1 Qc7 13. Bxf6 gxf6 14. Be4 Rfd8 15. c3 Bxe4 16. Qxe4 Rxd1 17. Rxd1 Rd8 1/2-1/2

[Event "94th Tradewise Hastings Congress"]
[Site "Hastings"]
[Date "2019.01.06"]
[Round "10"]
[White "Wilson, Matthew R"]
[Black "Butt, Laurence"]
[Result "1-0"]
[ECO "C01"]
[WhiteElo "1807"]
[BlackElo "1635"]
[Annotator "NA"]
[PlyCount "89"]
[EventDate "2018.12.28"]
[EventType "swiss"]
[EventCountry "ENG"]
[SourceTitle "playchess.com"]
[Source "ChessBase"]
[SourceQuality "1"]
[TimeControl "40/6000+30:3000+30"]

1. e4 e6 2. d4 d5 3. Nc3 Bb4 4. exd5 exd5 5. Bd3 Nc6 6. a3 Be7 7. Nge2 Nf6 8. O-O Bg4 9. Be3 Qd7 10. Qd2 O-O 11. Ng3 Nh5 12. Nce2 Bd6 13. c3 Na5 14. Qc2 f5 15. Nxh5 Bxh5 16. Nf4 Bxf4 17. Bxf4 h6 18. Rfe1 g5 19. Be5 Nc6 20. f4 Rae8 21. Qb3 Nxe5 22. Rxe5 Rxe5 23. fxe5 c6 24. Qc2 f4 25. Bg6 Bg4 26. h3 Be6 27. Bh5 Bf5 28. Qe2 Qe6 29. Bf3 b6 30. b4 Rf7 31. a4 Rc7 32. Rd1 Rg7 33. b5 cxb5 34. axb5 Rc7 35. Qa2 Rd7 36. Re1 Kg7 37. c4 dxc4 38. d5 Qe7 39. Qxc4 Rc7 40. Qd4 Qd8 41. d6 Be6 42. Bd5 Rc2 43. Bxe6 f3 44. gxf3 Qa8 45. Bd5 1-0

[Event "94th Tradewise Hastings Congress"]
[Site "Hastings"]
[Date "2019.01.06"]
[Round "10"]
[White "Gu, In Jung"]
[Black "Graham, David B"]
[Result "0-1"]
[ECO "D93"]
[WhiteElo "1794"]
[BlackElo "2208"]
[Annotator "NA"]
[PlyCount "98"]
[EventDate "2018.12.28"]
[EventType "swiss"]
[EventCountry "ENG"]
[SourceTitle "playchess.com"]
[Source "ChessBase"]
[SourceQuality "1"]
[TimeControl "40/6000+30:3000+30"]

1. d4 Nf6 2. Nf3 g6 3. c4 Bg7 4. Nc3 d5 5. Bf4 O-O 6. e3 c6 7. Bd3 Nbd7 8. O-O dxc4 9. Bxc4 {[%emt 0:00:23] LiveBook: 16 Games} Nb6 10. Bb3 Nbd5 11. Be5 Bg4 12. h3 Bxf3 13. Qxf3 Qd7 $16 14. Rac1 Rac8 15. Rfd1 Nxc3 16. Rxc3 Qf5 17. Qxf5 gxf5 18. Bc2 f4 19. e4 Nh5 20. Bxg7 Nxg7 21. e5 Ne6 22. Bf5 Rcd8 23. Bxe6 fxe6 24. Kf1 Rd5 25. Ke2 Rfd8 26. Rc4 Kf7 27. Kf3 Rxe5 28. dxe5 Rxd1 29. Ke2 Rd5 30. Rxf4+ Kg6 31. Re4 Kf5 32. Ke3 Rxe5 33. g4+ Kf6 34. Rxe5 Kxe5 35. f4+ Kf6 36. Ke4 c5 37. h4 b5 38. b3 a6 39. a3 c4 40. bxc4 bxc4 41. a4 c3 42. Kd3 e5 43. f5 e4+ 44. Kxc3 Ke5 45. a5 Kf4 46. Kd4 e3 47. Kd3 Kf3 48. g5 e2 49. f6 exf6 0-1